General information
- name: BNet
- type: Ladder team game (AT/RT)
- host: Battle.net
- saver: BEAR_AND
map: RiverOfSouls
- players: 6
- length: 15:28
- speed: Fast
- version: 1.26 W3XP
- replay type:

» download(116 KB)
Players
team 1 (winner)
BEAR_AND (
blue | 140 APM | 2161 actions | 15:28)
2 Priestess of the Moon
1 Scout
1 Searing Arrows
1 Keeper of the Grove
1 Thorns Aura
» actions
| Assign group hotkey | 11 | |
| Basic commands | 7 | |
| Build / train | 59 | |
| ESC pressed | 1 | |
| Enter build submenu | 26 | |
| Enter hero's abilities submenu | 4 | |
| Give item / drop item | 1 | |
| Right click | 1324 | |
| Select / deselect | 344 | |
| Select group hotkey | 276 | |
| Use ability | 107 | |
2161 total
» units
» upgrades
| Ultravision | 1 | |
| Nature's Blessing | 1 | |
2 total
» buildings
| Altar of Elders | 1 | |
| Moon Well | 8 | |
| Hunter's Hall | 1 | |
| Tree of Ages | 1 | |
| Ziggurat | 8 | |
| Ancient Protector | 19 | |
| Spirit Tower | 4 | |
| Tree of Eternity | 1 | |
43 total
» build order
00:06 Altar of Elders
00:18 Moon Well
01:35 Hunter's Hall
02:00 Moon Well
03:03 Moon Well
03:59 Moon Well
04:00 Moon Well
04:42 Tree of Ages
06:38 Ziggurat
06:39 Ziggurat
06:39 Ziggurat
06:59 Ancient Protector
06:59 Ancient Protector
07:00 Ancient Protector
07:00 Ancient Protector
07:01 Ancient Protector
07:01 Ancient Protector
07:02 Ancient Protector
07:03 Ancient Protector
07:17 Ancient Protector
07:21 Ancient Protector
08:24 Spirit Tower
09:27 Spirit Tower
09:47 Moon Well
09:49 Moon Well
09:49 Moon Well
10:10 Tree of Eternity
10:25 Ziggurat
10:26 Ziggurat
11:23 Ancient Protector
11:24 Ancient Protector
11:24 Ancient Protector
11:25 Ancient Protector
11:26 Ancient Protector
11:57 Ancient Protector
11:58 Ancient Protector
11:59 Ancient Protector
12:28 Ancient Protector
» items
| Boots of Speed | 1 | |
| Staff of Teleportation | 1 | |
2 total
KILLA.PIMP (
green | 67 APM | 430 actions | 06:26)
2 Death Knight
1 Death Coil
1 Unholy Aura
» actions
| Assign group hotkey | 49 | |
| Basic commands | 5 | |
| Build / train | 17 | |
| Enter build submenu | 9 | |
| Enter hero's abilities submenu | 2 | |
| Right click | 215 | |
| Select / deselect | 57 | |
| Select group hotkey | 60 | |
| Use ability | 16 | |
430 total
» units
| Acolyte | 3 | |
| Ghoul | 1 | |
| Crypt Fiend | 6 | |
10 total
» buildings
| Graveyard | 1 | |
| Crypt | 2 | |
| Altar of Darkness | 1 | |
| Ziggurat | 4 | |
| Tomb of Relics | 1 | |
| Halls of the Dead | 1 | |
10 total
» build order
00:07 Graveyard
00:12 Crypt
00:21 Altar of Darkness
00:35 Ziggurat
01:07 Crypt
01:36 Ziggurat
02:37 Tomb of Relics
03:38 Ziggurat
04:58 Halls of the Dead
05:40 Ziggurat
» items
| Rod of Necromancy | 1 | |
| Dust of Appearance | 1 | |
2 total
LuckyInLove (
red | 60 APM | 371 actions | 06:11)
1 Keeper of the Grove
1 Entangling Roots
» actions
| Assign group hotkey | 54 | |
| Basic commands | 2 | |
| Build / train | 18 | |
| Enter build submenu | 8 | |
| Enter hero's abilities submenu | 1 | |
| Right click | 183 | |
| Select / deselect | 38 | |
| Select group hotkey | 53 | |
| Use ability | 14 | |
371 total
» units
» upgrades
| Strength of the Moon | 1 | |
| Moon Armor | 1 | |
2 total
» buildings
| Altar of Elders | 1 | |
| Moon Well | 4 | |
| Hunter's Hall | 1 | |
| Ancient of War | 2 | |
8 total
» build order
00:09 Altar of Elders
00:17 Moon Well
01:40 Hunter's Hall
01:44 Ancient of War
02:07 Ancient of War
02:19 Moon Well
02:37 Moon Well
05:02 Moon Well
team 2 (loser)
FreShLyNoOB (
pink | 110 APM | 1699 actions | 15:27)
3 Priestess of the Moon
2 Trueshot Aura
1 Searing Arrows
2 Keeper of the Grove
1 Entangling Roots
1 Thorns Aura
1 Pandaren Brewmaster
1 Breath of Fire
» actions
| Assign group hotkey | 11 | |
| Build / train | 62 | |
| ESC pressed | 8 | |
| Enter build submenu | 11 | |
| Enter hero's abilities submenu | 6 | |
| Right click | 909 | |
| Select / deselect | 351 | |
| Select group hotkey | 310 | |
| Use ability | 31 | |
1699 total
» units
| Wisp | 15 | |
| Huntress | 6 | |
| Glaive Thrower | 5 | |
26 total
» upgrades
» buildings
| Altar of Elders | 1 | |
| Moon Well | 4 | |
| Hunter's Hall | 1 | |
| Ancient of War | 2 | |
| Tree of Ages | 5 | |
| Ancient of Lore | 2 | |
| Tree of Eternity | 5 | |
20 total
» build order
00:11 Altar of Elders
00:18 Moon Well
01:28 Hunter's Hall
01:42 Ancient of War
02:05 Moon Well
03:33 Moon Well
06:36 Tree of Ages
06:36 Tree of Ages
06:36 Tree of Ages
06:36 Tree of Ages
08:38 Moon Well
09:33 Ancient of Lore
09:34 Ancient of Lore
10:04 Tree of Eternity
10:05 Tree of Eternity
10:05 Tree of Eternity
10:05 Tree of Eternity
10:48 Ancient of War
» items
| Circlet of Nobility | 1 | |
| Scroll of Protection | 1 | |
| Scroll of Healing | 1 | |
3 total
Perke (
yellow | 111 APM | 1716 actions | 15:27)
4 Tauren Chieftain
2 Endurance Aura
2 War Stomp
» actions
| Assign group hotkey | 40 | |
| Basic commands | 101 | |
| Build / train | 63 | |
| Enter build submenu | 13 | |
| Enter hero's abilities submenu | 4 | |
| Right click | 565 | |
| Select / deselect | 241 | |
| Select group hotkey | 648 | |
| Use ability | 41 | |
1716 total
» units
| Peon | 8 | |
| Troll Headhunter/Berserker | 16 | |
| Shaman | 3 | |
| Troll Witch Doctor | 2 | |
29 total
» upgrades
| Ranged Weapons | 3 | |
| Shaman Training | 2 | |
| Witch Doctor Training | 2 | |
| Berserker Upgrade | 1 | |
8 total
» buildings
| Altar of Storms | 1 | |
| Orc Burrow | 5 | |
| War Mill | 1 | |
| Barracks | 1 | |
| Voodoo Lounge | 1 | |
| Stronghold | 3 | |
| Fortress | 1 | |
| Spirit Lodge | 3 | |
16 total
» build order
00:13 Altar of Storms
00:17 Orc Burrow
01:05 War Mill
01:21 Barracks
01:43 Orc Burrow
02:04 Voodoo Lounge
03:18 Stronghold
03:18 Stronghold
03:44 Orc Burrow
05:50 Fortress
05:52 Spirit Lodge
06:35 Spirit Lodge
06:37 Spirit Lodge
07:04 Orc Burrow
10:05 Orc Burrow
» items
| Healing Salve | 2 | |
| Scroll of Speed | 1 | |
| Scroll of Town Portal | 1 | |
| Potion of Lesser Invulnerability | 1 | |
5 total
tandzara (
teal | 189 APM | 2922 actions | 15:27)
4 Death Knight
2 Death Coil
1 Unholy Aura
1 Death Pact
2 Lich
1 Frost Nova
1 Dark Ritual
» actions
| Assign group hotkey | 158 | |
| Basic commands | 186 | |
| Build / train | 51 | |
| Enter build submenu | 13 | |
| Enter hero's abilities submenu | 6 | |
| Remove unit from queue | 2 | |
| Right click | 864 | |
| Select / deselect | 256 | |
| Select group hotkey | 1319 | |
| Use ability | 67 | |
2922 total
» units
| Acolyte | 2 | |
| Ghoul | 2 | |
| Crypt Fiend | 10 | |
| Obsidian Statue | 1 | |
| Meatwagon | 4 | |
| Gargoyle | 1 | |
20 total
» upgrades
| Burrow | 1 | |
| Destroyer Form | 1 | |
| Web | 1 | |
| Creature Attack | 2 | |
| Disease Cloud | 1 | |
6 total
» buildings
| Graveyard | 1 | |
| Crypt | 1 | |
| Altar of Darkness | 1 | |
| Ziggurat | 7 | |
| Tomb of Relics | 1 | |
| Nerubian Tower | 1 | |
| Halls of the Dead | 3 | |
| Black Citadel | 1 | |
| Slaughterhouse | 2 | |
18 total
» build order
00:05 Graveyard
00:08 Crypt
00:21 Altar of Darkness
00:41 Ziggurat
00:58 Tomb of Relics
01:50 Ziggurat
02:02 Nerubian Tower
02:46 Halls of the Dead
02:46 Halls of the Dead
03:16 Ziggurat
04:54 Ziggurat
05:15 Black Citadel
05:19 Slaughterhouse
07:28 Ziggurat
09:16 Ziggurat
09:46 Slaughterhouse
12:40 Ziggurat
» items
| Rod of Necromancy | 3 | |
| Orb of Corruption | 1 | |
4 total
Chat log
(00:13 / Allies) KILLA.PIMP: GOLD ME
(00:14 / Allies) KILLA.PIMP: ELF
(00:23 / Allies) KILLA.PIMP: 200
(00:25 / Allies) KILLA.PIMP: NOT 10 GOLD
(00:40 / Allies) KILLA.PIMP: FEED ME
(00:42 / Allies) KILLA.PIMP: WOOD GOLD
(00:47 / Allies) KILLA.PIMP: JUST MAKE 1 HERO
(00:53 / Allies) LuckyInLove: u make 1 hero
(00:56 / Allies) KILLA.PIMP: GOLD WOOD
(01:01 / Allies) LuckyInLove: mass gold wood him non stop
(01:02 / Allies) LuckyInLove: ok?
(01:05 / Allies) BEAR_AND: i am
(01:12 / Allies) KILLA.PIMP: UD AHEAD OF ME
(01:23 / Allies) LuckyInLove: AND UR BEING FED
(01:24 / Allies) LuckyInLove: LOL
(01:30 / Allies) KILLA.PIMP: HE PASSED ME 10 GOLD
(01:31 / All) BEAR_AND: make gargs
(01:39 / Allies) KILLA.PIMP: GOLD
(01:40 / Allies) KILLA.PIMP: MAN
(01:48 / All) Perke: good for you ..
(01:49 / Allies) KILLA.PIMP: NOT 10 GOLD
(01:50 / Allies) KILLA.PIMP: WOW
(01:56 / Allies) KILLA.PIMP: WOOOD
(01:57 / Allies) LuckyInLove: wtf
(01:58 / Allies) KILLA.PIMP: GOLD
(01:59 / Allies) LuckyInLove: NO HUNTERS HALL
(02:02 / Allies) LuckyInLove: WHAT THE FUCK RU DOING
(02:04 / Allies) BEAR_AND: towers
(02:07 / Allies) KILLA.PIMP: I NEED GOLD WOOD
(02:08 / Allies) KILLA.PIMP: NOW
(02:08 / Allies) LuckyInLove: NO
(02:10 / Allies) LuckyInLove: NO TOWERS
(02:11 / Allies) LuckyInLove: WTF
(02:14 / Allies) LuckyInLove: STRAIGHT FEED
(02:27 / Allies) LuckyInLove: blue
(02:29 / Allies) LuckyInLove: FOLLOW ME
(02:31 / Allies) BEAR_AND: harrass
(02:39 / Allies) LuckyInLove: WELL
(02:40 / Allies) LuckyInLove: WERE GONA LOSE
(02:44 / Allies) LuckyInLove: FUCKING LISTEN TO US
(02:53 / Allies) LuckyInLove: FEED
(02:54 / Allies) LuckyInLove: HIM
(02:54 / Allies) KILLA.PIMP: LMAO
(02:56 / Allies) LuckyInLove: WHAT THE FUCK DUDE
(03:01 / Allies) LuckyInLove: GG
(03:03 / Allies) LuckyInLove: IM OUT
(03:05 / Allies) KILLA.PIMP: THEY NOOBS
(03:07 / Allies) KILLA.PIMP: PLAY IT
(03:09 / Allies) LuckyInLove: UR FUCKING HORRIBLE BLUE
(03:13 / Allies) BEAR_AND: what
(03:15 / Allies) LuckyInLove: BKLUE
(03:16 / All) BEAR_AND: strategy
(03:18 / All) BEAR_AND: pls
(03:18 / Allies) LuckyInLove: WOW
(03:19 / Allies) LuckyInLove: THIS KID
(03:26 / Allies) LuckyInLove: WHERE THE FUCK DID U FIND THIS DUMB FUCK?
(03:26 / Allies) BEAR_AND: TEAL IS TECHING
(03:41 / Allies) LuckyInLove: HE WENT OWL SCOUT FIRST
(03:43 / Allies) LuckyInLove: WOW
(03:44 / Allies) LuckyInLove: LOL
(04:15 / Allies) LuckyInLove: HIT HIM
(04:17 / Allies) LuckyInLove: WHAT THE FUCK
(04:20 / Allies) LuckyInLove: DUDE
(04:23 / Allies) LuckyInLove: ARE U SERIOUS RIGHT NOW?
(04:24 / Allies) KILLA.PIMP: NO GOLD
(04:29 / Allies) LuckyInLove: DUDE
(04:31 / Allies) LuckyInLove: I CANT TAKE THIS
(04:33 / Allies) LuckyInLove: WITH THIS KID
(04:39 / Allies) LuckyInLove: HE HAS DOWNS
(05:04 / Allies) KILLA.PIMP: WOOD GOLD
(05:05 / Allies) KILLA.PIMP: OR GG
(05:08 / Allies) KILLA.PIMP: I HAVE DOUBLE CRYP
(05:10 / Allies) KILLA.PIMP: FOR NOTHING
(05:18 / Allies) KILLA.PIMP: GG
(05:20 / Allies) BEAR_AND: make statue
(05:21 / Allies) LuckyInLove: THIS KID IS RETARDED
(05:21 / Allies) KILLA.PIMP: HE PASSED ME 10 GOLD
(05:23 / Allies) KILLA.PIMP: ALL GAME
(05:35 / Allies) KILLA.PIMP: GOLLLD
(05:45 / Allies) KILLA.PIMP: HIT
(06:06 / Allies) LuckyInLove: MNOVE
(06:09 / Allies) LuckyInLove: GG
(06:09 / Allies) LuckyInLove: IM OUT
(06:29 / All) BEAR_AND: GG
(06:40 / All) FreShLyNoOB: Wtf?
(08:28 / All) FreShLyNoOB: wtf is this gay shit?
(08:32 / All) BEAR_AND: hi
(10:11 / All) FreShLyNoOB: very gay
(10:15 / All) BEAR_AND: pls 1 sec
(10:16 / All) BEAR_AND: brb
(14:17 / All) BEAR_AND: gg......wp
(14:23 / All) Perke: FU
(14:24 / All) Perke: retard
(15:02 / All) BEAR_AND: gg http://highper.ch/
(15:10 / All) FreShLyNoOB: lol wtf
(15:22 / All) FreShLyNoOB: like we give a fuck about ur kidporn site?
(15:25 / All) BEAR_AND: bye